 Dungeon Crawl Stone Soup version 0.18.1-50-g88ac8fd (webtiles) character file.

19264 Tiamat the Bludgeoner (level 12, -7/127 HPs)
             Began as an Ogre Warper on Oct 14, 2016.
             Was a High Priest of Okawaru.
             Mangled by a two-headed ogre
             ... wielding a +0 giant club
              (13 damage)
             ... while paralysed by an ogre mage
             ... on level 2 of the Orcish Mines.
             The game lasted 01:01:49 (18626 turns).

Tiamat the Bludgeoner (Ogre Warper)                Turns: 18626, Time: 01:01:50

Health: -7/127     AC: 12    Str: 27    XL:     12   Next: 67%
Magic:  17/18      EV:  1    Int: 12    God:    Okawaru [*****.]
Gold:   1302       SH:  0    Dex: 15    Spells: 3 memorised, 10 levels left

rFire  . . .     SeeInvis .     X - +2 flail (protect)
rCold  . . .     Gourm    .     q - +2 robe {Archmagi}
rNeg   . . .     Faith    .     (no shield)
rPois  .         Spirit   .     (helmet restricted)
rElec  .         Dismiss  .     y - +1 cloak
rCorr  .         Reflect  .     (gloves unavailable)
SustAt .         Harm     .     (boots unavailable)
MR     +....                    (no amulet)
Stlth  ++........               H - +4 ring of strength
                                h - +6 ring of dexterity

@: paralysed, very slightly contaminated, somewhat resistant to hostile
enchantments, unstealthy
A: unfitting armour, tough skin 1
a: Heroism, Finesse, Renounce Religion


You were on level 2 of the Orcish Mines.
You worshipped Okawaru.
Okawaru was extremely pleased with you.
You were not hungry.

You visited 3 branches of the dungeon, and saw 14 of its levels.

You collected 1302 gold pieces.

Inventory:

Hand Weapons
 k - a +0 dagger of venom
 u - a +0 giant club
 x - a +1 giant spiked club
 N - a +1 whip of electrocution
 X - a +2 flail of protection (weapon)
Missiles
 a - 5 steel javelins
 e - 5 tomahawks of dispersal
 p - 4 exploding tomahawks
 K - 2 throwing nets
 U - 5 large rocks (quivered)
Armour
 q - a +2 robe of the Archmagi (worn)
 y - a +1 cloak (worn)
 E - a +2 robe of magic resistance
Magical Staves
 w - an uncursed staff of poison {unknown}
Jewellery
 h - a +6 ring of dexterity (left hand)
 o - an uncursed ring of protection from cold
 H - a +4 ring of strength (right hand)
Wands
 z - a wand of iceblast (1/15)
 A - a wand of confusion (8/48)
 Q - a wand of polymorph (10/24)
 R - a wand of polymorph (11/24)
 T - a wand of random effects (5/48)
Scrolls
 d - a scroll of blinking
 j - 2 scrolls of remove curse
 l - 5 scrolls of identify
 G - a scroll of enchant weapon
 L - a scroll of fog
 P - a scroll of fear {unknown}
 S - a scroll of teleportation
Potions
 g - a potion of brilliance
 m - a potion of cancellation
 s - a potion of flight
 t - 4 potions of curing
 D - a potion of degeneration
 O - a potion of ambrosia
Books
 c - a book of Spatial Translocations

   Spells                             Type                      Level
   a - Apportation                    Translocation                1
   b - Blink                          Translocation                2
   c - Shroud of Golubria             Charms/Translocation         2
   d - Portal Projectile              Translocation                3
   e - Teleport Other                 Translocation                3
   f - Passage of Golubria            Translocation                4
 J - a book of Flames

   Spells                             Type                      Level
   a - Flame Tongue                   Conjuration/Fire             1
   b - Throw Flame                    Conjuration/Fire             2
   c - Conjure Flame                  Conjuration/Fire             3
   d - Inner Flame                    Hexes/Fire                   3
   e - Sticky Flame                   Conjuration/Fire             4
   f - Fireball                       Conjuration/Fire             5
Comestibles
 b - 5 meat rations
 f - 4 chunks of flesh
 i - 3 royal jellies
 n - 2 beef jerkies
 B - 19 fruits


   Skills:
 + Level 10.5 Fighting
 * Level 20.3 Maces & Flails
 - Level 1.0 Throwing
 - Level 2.1 Dodging
 - Level 2.4 Spellcasting
 - Level 2.1 Translocations
 - Level 8.8 Invocations


You had 10 spell levels left.
You knew the following spells:

 Your Spells              Type           Power        Failure   Level  Hunger
a - Apportation           Tloc           ##........   12%         1    ##.....
b - Shroud of Golubria    Chrm/Tloc      #.........   28%         2    ###....
c - Blink                 Tloc           N/A          17%         2    ###....


Dungeon Overview and Level Annotations

Branches:
Dungeon (11/15)            Temple (1/1) D:4            Lair (0/8) D:8
    Orc (2/2) D:9             Elf (0/3) Orc:2

Altars:
Ashenzari
Cheibriados
Dithmenos
Elyvilon
Fedhas
Gozag
Kikubaaqudgha
Makhleb
Nemelex Xobeh
Okawaru
Pakellas
Qazlal
Ru
Sif Muna
Trog
Vehumet
Xom
Yredelemnul
Zin
The Shining One
Beogh

Shops:
D:7 ?

Annotations:
Orc:2 exclusion: upstairs


Innate Abilities, Weirdness & Mutations

You are too large for most types of armour.
You have tough skin (AC +1).


Message History

An ogre mage comes into view.
You barely miss the two-headed ogre.
The two-headed ogre is heavily wounded.
The ogre mage shouts!
The ogre mage casts a spell.
The ogre mage seems to speed up.
The two-headed ogre barely misses you.
The two-headed ogre hits you with a giant spiked club.
You hit the two-headed ogre.
The two-headed ogre is heavily wounded.
The ogre mage points at you and mumbles some strange words.
You suddenly lose the ability to move!
The ogre hits you with a giant spiked club!
* * * LOW HITPOINT WARNING * * *
The two-headed ogre hits you with a giant club!
* * * LOW HITPOINT WARNING * * *
The two-headed ogre hits you but does no damage.
The ogre hits you with a giant spiked club!!
* * * LOW HITPOINT WARNING * * *
The two-headed ogre hits you with a giant club!
You die...

.........##.............#
........................##
.......................#.#
.........................
.#...#.................#
#....##......#.......$.##
.#............#....[....#
(...............O.#....##
...............O@#.#.###
.........#..##..#$..##
........##########)).##
.....#.## #()...# ###
..#.##.## #....####.##
.####...# ##...))##...##
.##
#...########...#.(.#....##
..#
##.#..#.##.##....).......#
.##
##...................#..##


You could see a two-headed ogre and an ogre.

Vanquished Creatures
  Nessos (Orc:2)
  Josephine (Orc:2)
  The ghost of jazmu the Fighter, a journeyman GrAK of Lugonu (D:10)
  Pikel (D:7)
  An orc knight (Orc:2)
  A cyclops (D:9)
  2 centaur skeletons
  Grinder (D:6)
  12 two-headed ogres
  A blink frog (D:8)
  Sigmund (D:6)
  4 wraiths (Orc:2)
  Eustachio (D:4)
  A hill giant zombie (D:9)
  A vampire (D:9)
  5 yaks
  A hippogriff (D:8)
  4 hungry ghosts
  4 wargs
  3 water moccasins
  11 orc warriors
  4 ice beasts
  2 black bears
  5 phantoms
  5 sky beasts
  2 slaves
  3 necrophages
  20 ogres
  5 centaurs
  5 big kobolds
  Blork the orc (D:6)
  5 giant frogs
  2 gnoll sergeants
  3 wyvern skeletons
  3 scorpions
  A troll zombie (D:9)
  24 killer bees
  5 wights (D:8)
  4 howler monkeys
  3 crimson imps
  3 hounds
  7 orc priests
  2 jellies
  Jessica (D:2)
  23 orc wizards
  9 worker ants
  6 ogre zombies (D:9)
  3 hound skeletons
  8 gnolls
  A howler monkey skeleton (D:9)
  7 adders
  2 shadow imps (D:8)
  An adder skeleton (D:4)
  3 adder zombies
  A worm (D:2)
  3 dart slugs
  5 giant geckos
  61 orcs
  9 giant cockroaches
  4 goblins
  8 hobgoblins
  13 jackals
  3 quokkas
  6 bats
  A giant gecko skeleton (D:7)
  A giant gecko zombie (D:5)
  3 giant newts
  A goblin skeleton (D:9)
  2 goblin zombies (D:9)
  2 hobgoblin zombies (D:9)
  25 kobolds
  2 orc skeletons (D:9)
  18 orc zombies (D:9)
  A quokka zombie (D:9)
  6 rats
411 creatures vanquished.

Vanquished Creatures (others)
  An orc (Orc:2)
1 creature vanquished.

Grand Total: 412 creatures vanquished

Notes
Turn   | Place    | Note
--------------------------------------------------------------
     0 | D:1      | Tiamat the Ogre Warper began the quest for the Orb.
     0 | D:1      | Reached XP level 1. HP: 22/22 MP: 3/3
    78 | D:1      | Reached skill level 3 in Maces & Flails
   169 | D:1      | Reached XP level 2. HP: 29/29 MP: 5/5
   173 | D:1      | Learned a level 2 spell: Shroud of Golubria
   176 | D:1      | Learned a level 2 spell: Blink
   214 | D:1      | Reached skill level 4 in Maces & Flails
   559 | D:1      | Reached XP level 3. HP: 36/36 MP: 6/6
   823 | D:2      | Noticed Jessica
   829 | D:2      | Killed Jessica
   829 | D:2      | Reached skill level 5 in Maces & Flails
   829 | D:2      | Reached XP level 4. HP: 44/44 MP: 4/7
  1200 | D:2      | Reached skill level 6 in Maces & Flails
  1438 | D:3      | Noticed a water moccasin
  1457 | D:4      | Reached XP level 5. HP: 50/50 MP: 3/8
  1773 | D:4      | Reached skill level 7 in Maces & Flails
  1794 | D:4      | Noticed Eustachio
  1821 | D:4      | Killed Eustachio
  1821 | D:4      | Reached skill level 8 in Maces & Flails
  1821 | D:4      | Reached XP level 6. HP: 51/59 MP: 7/9
  1852 | D:4      | Found a staircase to the Ecumenical Temple.
  1881 | Temple   | Entered the Ecumenical Temple
  1921 | Temple   | Became a worshipper of Warmaster Okawaru
  2343 | D:5      | Entered Level 5 of the Dungeon
  2414 | D:5      | Reached skill level 9 in Maces & Flails
  2463 | D:5      | Found a radiant altar of Vehumet.
  2475 | D:5      | Noticed a necrophage
  2488 | D:5      | Killed a necrophage
  2488 | D:5      | Reached skill level 1 in Invocations
  2488 | D:5      | Reached XP level 7. HP: 62/66 MP: 8/10
  2868 | D:3      | Reached skill level 10 in Maces & Flails
  3155 | D:3      | Found a glowing silver altar of Zin.
  3155 | D:3      | Found a white marble altar of Elyvilon.
  3156 | D:3      | Found a glowing golden altar of the Shining One.
  3696 | D:5      | Reached * piety under Okawaru
  3776 | D:5      | Reached XP level 8. HP: 44/74 MP: 11/11
  3928 | D:6      | Reached skill level 11 in Maces & Flails
  4152 | D:6      | Noticed Sigmund
  4173 | D:6      | Killed Sigmund
  4173 | D:6      | Reached ** piety under Okawaru
  4203 | D:6      | Noticed Blork the orc
  4224 | D:6      | Found an ancient bone altar of Kikubaaqudgha.
  4224 | D:6      | Found a bloodstained altar of Trog.
  4226 | D:6      | Found a snail-covered altar of Cheibriados.
  4229 | D:6      | Found a shadowy altar of Dithmenos.
  4230 | D:6      | Found a basalt altar of Yredelemnul.
  4231 | D:6      | Found a sparkling altar of Nemelex Xobeh.
  4232 | D:6      | Found a shattered altar of Ashenzari.
  4234 | D:6      | Found a blossoming altar of Fedhas.
  4345 | D:6      | Noticed Grinder
  4546 | D:6      | Killed Grinder
  4546 | D:6      | Reached skill level 12 in Maces & Flails
  4546 | D:6      | Reached skill level 5 in Invocations
  4645 | D:6      | Killed Blork the orc
  4645 | D:6      | Reached XP level 9. HP: 37/80 MP: 13/13
  4879 | D:7      | Found Piaczaph's Magic Scroll Shoppe.
  4920 | D:6      | Reached skill level 13 in Maces & Flails
  5366 | D:7      | Reached *** piety under Okawaru
  5437 | D:7      | You fall through a shaft for 3 floors!
  5437 | D:10     | Entered Level 10 of the Dungeon
  5483 | D:10     | Noticed jazmu's ghost (journeyman GrAK)
  5554 | D:11     | Noticed a cyclops
  5615 | D:11     | Reached skill level 14 in Maces & Flails
  6061 | D:11     | Noticed a troll
  6100 | D:11     | Reached **** piety under Okawaru
  6409 | D:8      | Reached XP level 10. HP: 88/88 MP: 12/15
  6597 | D:7      | Reached skill level 15 in Maces & Flails
  6632 | D:7      | Noticed Pikel
  7285 | D:7      | Killed Pikel
  7740 | D:8      | Found a staircase to the Lair.
  7763 | D:9      | HP: 2/88 [giant frog (7)]
  7764 | D:9      | Reached skill level 16 in Maces & Flails
  9113 | D:8      | Reached ***** piety under Okawaru
  9989 | D:8      | Found a blossoming altar of Fedhas.
 10002 | D:8      | Reached XP level 11. HP: 67/99 MP: 15/17
 10151 | D:8      | Reached skill level 17 in Maces & Flails
 10704 | D:9      | Reached skill level 5 in Fighting
 11069 | D:9      | Noticed a cyclops
 11698 | D:9      | Received a gift from Okawaru
 11971 | D:9      | Found a staircase to the Orcish Mines.
 11992 | D:9      | Killed a cyclops
 12815 | D:9      | Reached skill level 18 in Maces & Flails
 13259 | D:10     | Killed jazmu's ghost
 14366 | Orc:1    | Entered Level 1 of the Orcish Mines
 14823 | Orc:2    | Entered Level 2 of the Orcish Mines
 14823 | Orc:2    | Noticed an ogre mage
 15430 | D:9      | Received a gift from Okawaru
 15831 | D:9      | Reached skill level 19 in Maces & Flails
 16004 | D:9      | Reached XP level 12. HP: 90/122 MP: 18/18
 16936 | Orc:2    | Found a roughly hewn altar of Beogh.
 17163 | Orc:2    | Found a staircase to the Elven Halls.
 17440 | Orc:2    | Noticed Josephine
 17478 | Orc:2    | Killed Josephine
 17719 | Orc:2    | Received a gift from Okawaru
 17722 | Orc:2    | Noticed an ogre mage
 17726 | Orc:2    | Noticed Nessos
 17996 | Orc:2    | Received a gift from Okawaru
 17996 | Orc:2    | Reached skill level 10 in Fighting
 18016 | Orc:2    | Killed Nessos
 18016 | Orc:2    | Reached skill level 20 in Maces & Flails
 18396 | Orc:1    | Noticed an orc warlord
 18503 | Orc:2    | Received a gift from Okawaru
 18623 | Orc:2    | Noticed an ogre mage
 18624 | Orc:2    | Paralysed by an ogre mage for 5 turns
 18626 | Orc:2    | HP: 6/127 [ogre/giant spiked club (19)]
 18626 | Orc:2    | Mangled by a two-headed ogre

Skill      XL: |  1  2  3  4  5  6  7  8  9 10 11 12 |
---------------+-------------------------------------+-----
Maces & Flails | 3 4 5 6 8 9 10 12 14 16 19 20 | 20.3
Invocations    | 1 3 5 7 8 |  8.8
Fighting       | 4 8 10 | 10.5
Throwing       | |  1.0
Dodging        | |  2.1
Spellcasting   | |  2.4
Translocations | |  2.1

Action                   |  1- 3 |  4- 6 |  7- 9 | 10-12 || total
-------------------------+-------+-------+-------+-------++-------
Melee: Mace              |    90 |   179 |   333 |       ||   602
       Flail             |       |       |    90 |  1377 ||  1467
       Punch             |       |       |       |    13 ||    13
 Cast: Shroud of Golubri |     1 |    12 |    32 |    57 ||   102
       Blink             |       |       |     1 |     3 ||     4
Invok: Heroism           |       |       |     1 |    20 ||    21
       Finesse           |       |       |       |     4 ||     4
Evoke: Wand              |       |       |     4 |     6 ||    10
  Use: Potion            |       |     5 |     4 |     5 ||    14
       Scroll            |       |     6 |     3 |    11 ||    20
 Stab: Sleeping          |       |       |     3 |       ||     3
       Confused          |       |       |     2 |     6 ||     8
       Distracted        |       |       |       |     2 ||     2
       Invisible         |       |       |       |     5 ||     5
  Eat: Chunk             |       |     6 |    17 |    37 ||    60
       Beef jerky        |       |       |     1 |       ||     1
       Bread ration      |       |       |       |     3 ||     3
Armor: Robe              |    39 |    81 |    98 |   289 ||   507
       Skin              |       |       |     1 |    17 ||    18
Dodge: Dodged            |    60 |   118 |   177 |   562 ||   917
